 Dungeon Crawl Stone Soup version 0.28-a0-1395-g4f6bc678fa (webtiles) character file.

Game seed: 3564826164353070014

91 tilp the Chiller (level 4, 18/18 HPs)
             Began as a Felid Ice Elementalist on Jan 4, 2022.
             Quit the game on level 3 of the Dungeon.
             The game lasted 00:04:58 (4534 turns).

tilp the Chiller (Felid Ice Elementalist)           Turns: 4534, Time: 00:04:58

Health: 18/18      AC:  5    Str:  4    XL:     4   Next: 33%
Magic:  9/9        EV: 17    Int: 19    God:
Gold:   116        SH:  0    Dex: 16    Spells: 2/9 levels left
                                        Lives:  0   Deaths: 1

rFire   . . .      SeeInvis +   (weapon unavailable)
rCold   . . .      Faith    .   (shield unavailable)
rNeg    . . .      Spirit   .   (armour unavailable)
rPois   .          Reflect  .   (helmet unavailable)
rElec   .          Harm     .   (cloak unavailable)
rCorr   .          Rampage  .   (gloves unavailable)
Will    .....                   (boots unavailable)
Stlth   ++........              (no amulet)
HPRegen 0.06/turn               a - +4 ring of protection
MPRegen 0.11/turn               (no ring)

@: quick
A: very small, claws 1, fangs 3, see invisible, speed 1, shaggy fur 1, stealthy
paws, no weapons or thrown items, no armour, multi-lived
a: no special abilities


You were on level 3 of the Dungeon.
You visited 1 branch of the dungeon, and saw 3 of its levels.

You collected 116 gold pieces.

Inventory:

Jewellery
 a - a +4 ring of protection (left paw)
 h - a ring of flight
Scrolls
 d - a scroll of amnesia {unknown}
 j - a scroll of teleportation {unknown}
 k - 2 scrolls of identify
Potions
 b - a potion of mutation
 c - a potion of magic
 e - a potion of cancellation
 f - a potion of brilliance
 g - a potion of invisibility {unknown}
 i - a potion of heal wounds {unknown}


   Skills:
 - Level 2.6 Dodging
 - Level 2.6 Stealth
 + Level 3.3 Spellcasting
 * Level 5.4 Ice Magic


You had 2 spell levels left.
You knew the following spells:

 Your Spells              Type           Power      Damage    Failure   Level
a - Freeze                Ice            92%        1d10      1%          1
b - Frozen Ramparts       Ice            46%        1d6       4%          3
c - Ozocubu's Armour      Ice            23%        N/A       4%          3

Your spell library contained the following spells:

 Spells                   Type           Power      Damage    Failure   Level
 Hailstorm                Conj/Ice       13%        3d5       43%         4


Dungeon Overview and Level Annotations

Branches:
Dungeon (3/15)

Altars:
Xom


Innate Abilities, Weirdness & Mutations

You have sharp claws.
You have razor-sharp teeth.
You have supernaturally acute eyesight. (SInv)
You cover ground quickly. (Speed+)
You are covered in fur. (AC +1)
Your paws help you pounce on unaware monsters.
You are incapable of wielding weapons or throwing items.
You cannot wear armour.
You gain extra lives every three experience levels.


Message History

An orc priest is nearby!
You see here a +0 dagger.
The orc priest invokes the aid of Beogh against you.
Beogh smites you!
Ouch! That really hurt!
* * * LOW HITPOINT WARNING * * *
You start resting.
Magic restored.
You start resting.
An orc priest is nearby!
Unknown command.
You start resting.
HP restored.
An orc priest is nearby!
Unknown command.
Casting: Frozen Ramparts (quite dangerous; 4% risk of failure)
Confirm with . or Enter, or press ? or * to list all spells.
The spell is quite dangerous to miscast (4% risk of failure)!
Continue anyway?
Casting: Frozen Ramparts (quite dangerous; 4% risk of failure)
Press: ? - help, Dir - look around, f - activate The walls around you are covered in ice.
The orc priest shouts!
The wall freezes the orc priest.
Unknown command.
The wall freezes the orc priest.
The orc priest mumbles some strange prayers to Beogh against you.
Beogh smites you!
Ouch! That really hurt!
Casting: Frozen Ramparts (quite dangerous; 4% risk of failure)
Confirm with . or Enter, or press ? or * to list all spells.
You can't see any susceptible monsters within range! (Use Z to cast anyway.) Unknown command.
The wall freezes the orc priest.
The orc priest calls down the wrath of Beogh upon you.
Beogh smites you!
Ouch! That really hurt!
You die...
You are now level 4!
You rejoin the land of the living...
Are you sure you want to abandon this character and quit the game? (Confirm with "yes".)

####.................<
#..........######.....
#.###.####.# ##...#
#.# #.# #.# ##.## #.#
#.# #.# #.## #.# #.#
#># ###... #.# #.# #.#
#...## #.# #.# #.#
#.#... #.#
#@####.######...## #)#
#..............## #.#
######.#########
#.########.#
#..........#
############


There were no monsters in sight!

Vanquished Creatures
  An orc priest (D:3)
  6 adders
  2 worms (D:2)
  3 dart slugs
  2 orcs (D:3)
  5 bats
  6 endoplasms
  4 giant cockroaches
  10 goblins
  6 hobgoblins
  11 jackals
  3 quokkas
  4 ball pythons
  4 frilled lizards
  7 kobolds
  6 rats
  A spectral goblin (D:1)
81 creatures vanquished.

Vanquished Creatures (others)
  6 plants (D:2)
6 creatures vanquished.

Grand Total: 87 creatures vanquished

Notes
Turn   | Place    | Note
-------+----------+-------------------------------------------
     0 | D:1      | tilp the Felid Ice Elementalist began the quest for the
                  | Orb.
     0 | D:1      | Reached XP level 1. HP: 7/7 MP: 4/4
   116 | D:1      | Found a faded altar of an unknown god.
   271 | D:1      | Reached XP level 2. HP: 11/11 MP: 4/6
   305 | D:1      | Reached skill level 4 in Ice Magic
  1061 | D:1      | Reached XP level 3. HP: 14/14 MP: 4/7
  1065 | D:1      | Learned a level 3 spell: Frozen Ramparts
  2217 | D:2      | Reached XP level 4. HP: 18/18 MP: 0/9
  2767 | D:2      | Reached skill level 5 in Ice Magic
  2771 | D:2      | Learned a level 3 spell: Ozocubu's Armour
  3092 | D:3      | Found a faded altar of an unknown god.
  3095 | D:3      | Found a shimmering altar of Xom.
  3852 | D:3      | Reached XP level 5. HP: 15/21 MP: 5/10
  4533 | D:3      | Killed from afar by an orc priest
  4534 | D:3      | Reached XP level 4. HP: -5/18 MP: 7/9
  4534 | D:3      | Quit the game

Illustrated notes

Levels and vault maps discovered:
D:1:      dpeg_arrival_pits, layout_loops_corners,
          dreamdust_ecumenical_altar_drowned_temple
D:2:      minmay_evil_eye, layout_basic, serial_bayou_pond_c
D:3:      layout_loops_ring, nicolae_overflow_ecumenical_swirl,
          grunt_ministairs_9

Skill      XL: |  1  2  3  4 |
---------------+-------------+-----
Ice Magic      | 4 5 |  5.4
Spellcasting   | 3 |  3.3
Dodging        | |  2.6
Stealth        | |  2.6

Action                   |  1- 3 |  4- 6 || total
-------------------------+-------+-------++-------
Melee: Unarmed           |    40 |    14 ||    54
       Bite              |     1 |     1 ||     2
 Cast: Freeze            |    51 |    30 ||    81
       Frozen Ramparts   |     4 |    12 ||    16
  Use: Scroll            |     5 |     2 ||     7
 Stab: Sleeping          |     6 |     3 ||     9
Armor: Skin              |    13 |     7 ||    20
Dodge: Dodged            |    63 |    28 ||    91

Table legend: (Time is in decaauts)
 A = Elapsed time spent in this place.
 B = Non-inter-level travel time spent in this place.
 C = Inter-level travel time spent in this place.
 D = Time resting spent in this place.
 E = Time spent auto-exploring this place.
 F = Levels seen in this place.
 G = Mean time per level.
                   A        B        C        D        E       F      G
               +--------+--------+--------+--------+--------+-----+--------+
         Total |   4128 |   4031 |     97 |    933 |   2597 |   3 | 1376.0 |
       Dungeon |   4128 |   4031 |     97 |    933 |   2597 |   3 | 1376.0 |
               +--------+--------+--------+--------+--------+-----+--------+

Top non-repeatable levels by time:
     D:2: 1804 daAuts
     D:1: 1175 daAuts
     D:3: 1149 daAuts
